[Event "Team 45 45 League T80"]
[Site "Internet Chess Club"]
[Date "2019.05.05"]
[Round "6"]
[White "Grenadier"]
[Black "MathBandit"]
[Result "0-1"]
[WhiteElo "1610"]
[BlackElo "1628"]
[Opening "French: advance, Euwe variation"]
[ECO "C02"]
[Time "21:01:01"]
[TimeControl "2700+45"]

1. e4 e6 2. d4 d5 3. e5 c5 4. c3 Nc6 5. Nf3 Bd7 6. dxc5 Bxc5 7. Bd3 Qb6 8. O-O
Nge7 9. b4 Nxb4 10. cxb4 Bd4 11. Nxd4 Qxd4 12. Qc2 Qxa1 13. Nc3 Nc6 14. Bd2 Nd4
15. Rxa1 Nxc2 16. Bxc2 O-O 17. Ba4 Bxa4 18. Nxa4 b6 19. Kf1 Rac8 20. Nc3 Rc4 21.
a3 Rfc8 22. Nb5 Rc2 23. Nd6 R8c6 24. Ke1 f6 25. f4 g5 26. g3 h5 27. Kd1 Kh7 28.
Rc1 Rxc1+ 29. Bxc1 fxe5 30. fxe5 g4 31. a4 Rc3 32. Bd2 Ra3 33. a5 bxa5 34. bxa5
Ra1+ 35. Ke2 Rh1 36. Nb5 Rxh2+ 37. Kd3 Rg2 38. Bf4 Ra2 39. Nxa7 Rxa5 40. Nc6
Ra3+ 41. Kd4 h4 42. gxh4 g3 43. Nd8 Ra4+ 44. Ke3 Rxf4 45. Kxf4 g2 46. Nxe6 g1=Q
47. Ng5+ Kg6 48. e6 Qd4+ 49. Kg3 Qe5+ 50. Kg4 d4 51. h5+ Kg7 52. h6+ Kg6 53. Nf3
Qxe6+ {White resigns} 0-1

[Event "Team 45 45 League T80"]
[Site "Internet Chess Club"]
[Date "2019.05.05"]
[Round "6"]
[White "Constrictor"]
[Black "GoIrish"]
[Result "1/2-1/2"]
[WhiteElo "1542"]
[BlackElo "1527"]
[Opening "Nimzovich-Larsen attack: Indian variation"]
[ECO "A01"]
[Time "15:02:26"]
[TimeControl "2700+45"]

1. b3 Nf6 2. Bb2 g6 3. e4 d6 4. g3 e5 5. Bg2 Bg7 6. Ne2 O-O 7. O-O b6 8. Nbc3
Bb7 9. f4 exf4 10. Nxf4 Nbd7 11. d3 Ne5 12. Qd2 c6 13. Rae1 Qc7 14. Nd1 Ba6 15.
c4 b5 16. Ne3 Rad8 17. a4 bxc4 18. bxc4 Rb8 19. Rb1 Nfg4 20. Nxg4 Nxg4 21. Bxg7
Kxg7 22. Nh3 Ne5 23. Qc3 Kg8 24. Ng5 h6 25. Nf3 Nxf3+ 26. Bxf3 c5 27. Qd2 Kh7
28. Qf4 Rxb1 29. Rxb1 Qe7 30. Qd2 Qc7 31. Qb2 Qd7 32. Qf6 Qe6 33. Qc3 Qc8 34.
Qf6 {Game drawn by mutual agreement} 1/2-1/2

[Event "Team 45 45 League T80"]
[Site "Internet Chess Club"]
[Date "2019.05.04"]
[Round "6"]
[White "clarinetref"]
[Black "mongmong"]
[Result "1-0"]
[WhiteElo "1482"]
[BlackElo "1523"]
[Opening "English: Romanishin gambit"]
[ECO "A13"]
[Time "20:05:49"]
[TimeControl "2700+45"]

1. Nf3 e6 2. c4 Nf6 3. g3 a6 4. Bg2 b5 5. Nd4 c6 6. cxb5 axb5 7. Nxb5 cxb5 8.
Bxa8 d5 9. a4 Qa5 10. Bxd5 Nxd5 11. Qb3 b4 12. d3 Be7 13. e4 Nf6 14. Bf4 Nbd7
15. Nd2 Ba6 16. O-O O-O 17. Nc4 Bxc4 18. Qxc4 Ne5 19. Bxe5 Qxe5 20. b3 Nd7 21.
Rfc1 Bc5 22. Kg2 Bd4 23. Ra2 Bc3 24. f4 Qa5 25. Qc6 Nc5 26. Qb5 Nxb3 27. Rb1
Qxb5 28. axb5 Nd4 29. b6 Rb8 30. b7 g6 31. Ra8 Nc6 32. d4 Kg7 33. d5 exd5 34.
exd5 Rxb7 35. dxc6 Rc7 36. Ra6 Kf6 37. Rd1 Ke6 38. Rd7 Rxd7 39. cxd7+ Kxd7 40.
Kf3 h5 41. Rb6 Ke7 42. Ke4 Be1 43. Ke5 Bc3+ 44. Kd5 Be1 45. Ke4 Kf8 46. f5 gxf5+
47. Kxf5 Kg7 48. Kg5 h4 49. Kxh4 f6 50. Kh5 Kf7 51. Kg4 Bc3 52. Kf5 Kg7 53. g4
Kf7 54. h4 Kg7 55. h5 Kh7 56. Rb7+ Kh6 57. Rb8 Kh7 58. Ke6 Kg7 59. Rb7+ Kg8 60.
h6 Bd2 61. h7+ Kh8 62. Kxf6 b3 63. Kg6 Bf4 64. Rxb3 Bd6 65. Rd3 Bf8 66. Kf7 Bg7
67. Rd8+ Kxh7 68. g5 Ba1 69. Rd1 Bg7 70. Rh1+ Bh6 71. Rxh6# {Black checkmated}
1-0

[Event "Team 45 45 League T80"]
[Site "Internet Chess Club"]
[Date "2019.05.04"]
[Round "6"]
[White "smsxman"]
[Black "XGG123"]
[Result "1-0"]
[WhiteElo "1384"]
[BlackElo "1469"]
[Opening "Sicilian: accelerated fianchetto, modern variation"]
[ECO "B34"]
[Time "14:07:19"]
[TimeControl "2700+45"]

1. e4 c5 2. Nf3 Nc6 3. Nc3 g6 4. d4 cxd4 5. Nxd4 Bg7 6. Nxc6 bxc6 7. Bd3 d6 8.
Bd2 Nf6 9. O-O O-O 10. Re1 Rb8 11. Rb1 Bd7 12. b3 c5 13. Ne2 Bc6 14. Ng3 Nd7 15.
a4 Ne5 16. Bf4 Nxd3 17. Qxd3 Qc7 18. Ne2 Rb4 19. Ng3 a5 20. c3 c4 21. Qd1 Bxc3
22. Bd2 Bxd2 23. Qxd2 Rxb3 24. Rxb3 cxb3 25. Rc1 Qb7 26. Qxa5 Ra8 27. Qc3 Bxa4
28. Rb1 Bc6 29. Rxb3 Qxb3 30. Qxb3 Bxe4 31. f3 Bc6 32. h3 Rc8 33. Qd3 Bd7 34.
Qa6 Kf8 35. Qa1 f6 36. Qa7 Rc1+ 37. Kh2 Bb5 38. Ne4 {Black resigns} 1-0

[Event "Team 45 45 League T80"]
[Site "Internet Chess Club"]
[Date "2019.05.05"]
[Round "6"]
[White "sdcohle"]
[Black "dabodhi"]
[Result "0-1"]
[WhiteElo "1362"]
[BlackElo "1328"]
[Opening "Canard opening"]
[ECO "A45"]
[Time "14:02:06"]
[TimeControl "2700+45"]

1. d4 Nf6 2. f4 g6 3. e3 Bg7 4. Bd3 O-O 5. Nf3 d6 6. O-O Nc6 7. c3 e5 8. fxe5
dxe5 9. dxe5 Ng4 10. Qe2 Ncxe5 11. Nxe5 Bxe5 12. Rd1 Bxh2+ 13. Kh1 Qh4 14. Rf1
Bg3+ 15. Kg1 Qh2# {White checkmated} 0-1

[Event "Team 45 45 League T80"]
[Site "Internet Chess Club"]
[Date "2019.05.05"]
[Round "6"]
[White "stantheman59"]
[Black "seldredg"]
[Result "1/2-1/2"]
[WhiteElo "1255"]
[BlackElo "1257"]
[Opening "Dutch defense"]
[ECO "A81"]
[Time "12:35:37"]
[TimeControl "2700+45"]

1. d4 f5 2. g3 Nf6 3. Bg2 g6 4. Nf3 Bg7 5. O-O d6 6. Bg5 O-O 7. Nbd2 c6 8. Re1
Nbd7 9. c3 e5 10. dxe5 Nxe5 11. Qb3+ Kh8 12. Rad1 h6 13. Bf4 Re8 14. e4 Rb8 15.
Bxe5 dxe5 16. Nc4 Qc7 17. Nd6 Be6 18. c4 Red8 19. Nxe5 Rxd6 20. Rxd6 Qxd6 21.
Nxg6+ Kh7 22. e5 Qd7 23. Nf4 Ng8 24. h4 Ne7 25. Rd1 Qc7 26. Nxe6 Qxe5 27. Nxg7
Qxg7 28. Rd7 f4 29. Bxc6 Qe5 30. Qd3+ Kg8 31. Rd8+ Rxd8 32. Qxd8+ Kf7 33. Bf3
fxg3 34. Bh5+ Qxh5 35. fxg3 Qf3 36. Qc7 Qe3+ 37. Kh2 Qe2+ 38. Kh3 h5 39. Qf4+
Ke8 40. Qb8+ Kd7 41. Qxb7+ Ke6 42. Qg2 Qg4+ 43. Kh2 Nf5 44. Qh3 Qe2+ 45. Kg1
Qe1+ 46. Kh2 Qe2+ 47. Qg2 Qxc4 48. b3 Qg4 49. a3 a5 50. Qc6+ Nd6 51. Qa6 Kd7 52.
Qd3 Ke6 53. Qe3+ Ne4 54. Qf4 Qe2+ 55. Kg1 Qe1+ 56. Kg2 Qe2+ 57. Kg1 Qe1+ 58. Kg2
Qe2+ {Game drawn by mutual agreement} 1/2-1/2

[Event "Team 45 45 League T80"]
[Site "Internet Chess Club"]
[Date "2019.05.04"]
[Round "6"]
[White "Tjet"]
[Black "noblitz-oblige"]
[Result "0-1"]
[WhiteElo "1340"]
[BlackElo "1487"]
[Opening "English: closed system (without ...d6)"]
[ECO "A26"]
[Time "03:01:26"]
[TimeControl "2700+45"]

1. c4 e5 2. g3 g6 3. Bg2 Nc6 4. Nc3 Bg7 5. d3 Nf6 6. e4 O-O 7. Nge2 d6 8. O-O
Be6 9. Nd5 Ne7 10. Nxf6+ Bxf6 11. Nc3 c6 12. Be3 d5 13. cxd5 cxd5 14. exd5 Nxd5
15. Bh6 Re8 16. Ne4 Be7 17. a3 Qb6 18. Qd2 Rac8 19. h4 Bf5 20. Kh2 Nf6 21. Nxf6+
Bxf6 22. Be4 Bd7 23. f3 Ba4 24. Rac1 Bg7 25. Bxg7 Kxg7 26. Rxc8 Rxc8 27. Rc1
Rxc1 28. Qxc1 Qf2+ 29. Kh3 Bd7+ 30. g4 h5 31. Qg5 Qxb2 32. Kg3 hxg4 33. fxg4 Qd4
34. h5 Qd6 35. hxg6 fxg6 36. Qh4 Bc6 37. Bxc6 bxc6 38. Kg2 Qxa3 39. Qd8 Qa2+ 40.
Kg3 Qf7 41. g5 Qf4+ 42. Kg2 Qf7 43. Qd6 Qd5+ 44. Qxd5 cxd5 45. Kf3 Kf7 {White
resigns} 0-1

[Event "Team 45 45 League T80"]
[Site "Internet Chess Club"]
[Date "2019.05.03"]
[Round "6"]
[White "OGO"]
[Black "rkjulianjr"]
[Result "0-1"]
[WhiteElo "1245"]
[BlackElo "1335"]
[Opening "QGD Slav defense"]
[ECO "D10"]
[Time "13:01:07"]
[TimeControl "2700+45"]

1. d4 d5 2. c4 c6 3. Nc3 Nf6 4. b3 Bf5 5. Bb2 e6 6. e3 Bb4 7. Bd3 Bxc3+ 8. Bxc3
Ne4 9. Ne2 Nd7 10. O-O Qg5 11. Bxe4 Bxe4 12. Ng3 Nf6 13. f3 Qxe3+ 14. Kh1 Qxc3
15. fxe4 dxe4 16. Rc1 Qe3 17. Re1 Qf4 18. Rf1 Qh4 19. Rc3 O-O-O 20. Qd2 Rd7 21.
Rf4 Qg5 22. Qe3 Rxd4 23. Qe1 Qxf4 {White resigns} 0-1

[Event "Team 45 45 League T80"]
[Site "Internet Chess Club"]
[Date "2019.05.03"]
[Round "6"]
[White "CMAlge"]
[Black "kingsrook"]
[Result "0-1"]
[WhiteElo "1345"]
[BlackElo "1241"]
[Opening "Sicilian: closed"]
[ECO "B23"]
[Time "18:00:41"]
[TimeControl "2700+45"]

1. e4 c5 2. Nc3 e6 3. f4 d5 4. exd5 exd5 5. Bb5+ Bd7 6. Qe2+ Be7 7. Nf3 Nc6 8.
Nxd5 Be6 9. Bxc6+ bxc6 10. Nc3 Nf6 11. d3 O-O 12. Be3 Nd5 13. Ne4 Nxe3 14. Qxe3
Qa5+ 15. Nc3 Bf6 16. d4 cxd4 17. Nxd4 Qc5 18. O-O-O Rfd8 19. Na4 Bxd4 20. Qf3
Qc4 21. b3 Qb4 22. Qxc6 Qa3+ 23. Kb1 Rac8 24. Rxd4 Rxd4 25. Qf3 Rxa4 26. bxa4
Rb8+ {White resigns} 0-1

[Event "Team 45 45 League T80"]
[Site "Internet Chess Club"]
[Date "2019.05.04"]
[Round "6"]
[White "Chess4Him"]
[Black "Visin"]
[Result "1-0"]
[WhiteElo "1527"]
[BlackElo "1245"]
[Opening "Queen's pawn, Mason variation"]
[ECO "D00"]
[Time "13:30:33"]
[TimeControl "2700+45"]

1. d4 d5 2. Bf4 Nc6 3. e3 Nf6 4. Nf3 Bf5 5. Bb5 a6 6. Ba4 b5 7. Bb3 e6 8. c3 h6
9. h3 Bd6 10. Ne5 Bxe5 11. Bxe5 Nxe5 12. dxe5 Nd7 13. Qd4 c5 14. Qf4 c4 15. Bd1
Nc5 16. Be2 Bd3 17. Qd4 Bxe2 18. Kxe2 Nd7 19. Qg4 Qg5 20. f4 Qxg4+ 21. hxg4 Ke7
22. Nd2 f6 23. Nf3 fxe5 24. fxe5 Raf8 25. Rh3 Rh7 26. Rah1 Rhh8 27. Rh5 Nc5 28.
Nh4 Kf7 29. Rf1+ Ke8 30. Rxf8+ Rxf8 31. Ng6 Rg8 32. Nf4 Kf7 33. g5 hxg5 34. Rxg5
Ne4 35. Rg6 Nc5 36. Rg4 Rh8 37. Nh3 Ne4 38. Rf4+ Ke7 39. Rg4 Kf7 40. Rf4+ Kg8
41. Rf3 Rh5 42. Nf4 Rxe5 43. Ng6 Nf6 44. Nxe5 {Black resigns} 1-0

[Event "Team 45 45 League T80"]
[Site "Internet Chess Club"]
[Date "2019.05.05"]
[Round "6"]
[White "pagliaci"]
[Black "Conjurer"]
[Result "1-0"]
[WhiteElo "1187"]
[BlackElo "1203"]
[Opening "Sicilian: closed"]
[ECO "B24"]
[Time "13:04:54"]
[TimeControl "2700+45"]

1. e4 c5 2. Nc3 Nc6 3. g3 e6 4. Bg2 g6 5. Nge2 Bg7 6. O-O Nge7 7. d3 O-O 8. Be3
d6 9. Qd2 Nd4 10. Rae1 Nec6 11. Bh6 Nb4 12. Nxd4 Bxh6 13. Qxh6 cxd4 14. Ne2 Nxc2
15. Rc1 Nb4 16. Nxd4 Nxd3 17. Rc3 Nxb2 18. Rfc1 Bd7 19. Rc7 Rc8 20. Rxb7 Nd3 21.
Rxc8 Qxc8 22. Rxa7 e5 23. Qd2 Nc5 24. Nb3 Nb7 25. Bf1 Bc6 26. Ba6 Bxe4 27. Na5
Qh3 28. Bf1 Bg2 29. Bxg2 {Black resigns} 1-0

[Event "Team 45 45 League T80"]
[Site "Internet Chess Club"]
[Date "2019.05.03"]
[Round "6"]
[White "guyd52"]
[Black "Just-Jim"]
[Result "0-1"]
[WhiteElo "1179"]
[BlackElo "1282"]
[Opening "Réti opening"]
[ECO "A04"]
[Time "17:30:23"]
[TimeControl "2700+45"]

1. Nf3 Nc6 2. g3 Nf6 3. Bg2 d5 4. d3 h6 5. Nbd2 e5 6. O-O Be7 7. c3 O-O 8. Re1
Bc5 9. h3 d4 10. cxd4 Nxd4 11. e3 Nxf3+ 12. Nxf3 e4 13. dxe4 Qxd1 14. Rxd1 Nxe4
15. Nd2 Ng5 16. h4 Nh3+ 17. Bxh3 Bxh3 18. Nb3 Bg4 19. Re1 Bb4 20. Bd2 Bd6 21.
Nd4 a6 22. f4 c5 23. Ne2 f5 24. Ba5 Rf6 25. Kf2 g5 26. Rh1 gxf4 27. Nxf4 Bf8 28.
Bc3 Rd6 29. Rac1 a5 30. Be5 Re6 31. Nd3 Rd8 32. Rc3 c4 33. Bc7 Rxd3 34. Rxd3
cxd3 35. Bxa5 Bc5 36. Bd2 Rb6 37. b3 Ra6 38. Rc1 Rxa2 39. Rxc5 Rxd2+ 40. Ke1
Re2+ 41. Kf1 d2 42. Rc8+ Kf7 43. Rd8 Re1+ 44. Kf2 d1=Q 45. Rxd1 Rxd1 {White
resigns} 0-1

[Event "Team 45 45 League T80"]
[Site "Internet Chess Club"]
[Date "2019.05.01"]
[Round "6"]
[White "Demachaeron"]
[Black "Gojira"]
[Result "0-1"]
[WhiteElo "1861"]
[BlackElo "1622"]
[Opening "QGD Slav: Dutch variation"]
[ECO "D18"]
[Time "21:00:20"]
[TimeControl "2700+45"]

1. d4 d5 2. c4 c6 3. Nf3 Nf6 4. Nc3 dxc4 5. a4 Bf5 6. e3 e6 7. Bxc4 Bb4 8. O-O
Nbd7 9. Bd2 O-O 10. h3 Nb6 11. Bb3 Bd3 12. Re1 Nc4 13. Bc1 Na5 14. Bxe6 Be4 15.
Ba2 Re8 16. Bd2 Bg6 17. Ne5 c5 18. Nxg6 hxg6 19. Ne2 Qb6 20. Rc1 Rad8 21. Qc2
Nc6 22. Red1 Bxd2 23. dxc5 Qa5 24. Qxg6 Ne5 25. Qg5 Bxc1 26. Rxc1 Qxa4 27. Nc3
Qb4 28. Rb1 Qxc5 29. Qf4 Nd3 30. Qf3 Ne5 31. Qxb7 Rd7 32. Qa6 Red8 33. Ne2 Rd1+
34. Rxd1 Rxd1+ 35. Kh2 Qd6 36. Qc8+ Kh7 37. f4 Qd7 38. Qa8 Ng6 39. Qf3 Rd2 40.
Nd4 Rxb2 41. Bb3 a5 42. Qa8 Qc7 43. Qa6 Nxf4 44. Nb5 Rxg2+ {White resigns} 0-1

[Event "Team 45 45 League T80"]
[Site "Internet Chess Club"]
[Date "2019.05.05"]
[Round "6"]
[White "Bizzy-Ketty"]
[Black "Covenanteer"]
[Result "1-0"]
[WhiteElo "1566"]
[BlackElo "1577"]
[Opening "Sicilian: Taimanov (Bastrikov) variation"]
[ECO "B47"]
[Time "14:01:54"]
[TimeControl "2700+45"]

1. e4 c5 2. Nf3 e6 3. d4 cxd4 4. Nxd4 Nc6 5. Nc3 Qc7 6. Be2 a6 7. O-O Nf6 8. a3
d6 9. Be3 Be7 10. Qd2 O-O 11. f4 Nxd4 12. Bxd4 b5 13. Kh1 Bb7 14. Bf3 Rac8 15.
Rae1 e5 16. Bf2 exf4 17. Qxf4 Nd7 18. Nd5 Bxd5 19. exd5 Bf6 20. c3 Be5 21. Qf5
Nf6 22. Bh4 Qc4 23. Bxf6 Bxf6 24. Be4 g6 25. Qxf6 Rce8 26. Bxg6 hxg6 27. Rxe8
Qxf1+ 28. Qxf1 Rxe8 29. h3 Re5 30. Qd3 Kf8 31. Kh2 Ke7 32. b3 Kd7 33. c4 Kc7 34.
cxb5 {Black resigns} 1-0

[Event "Team 45 45 League T80"]
[Site "Internet Chess Club"]
[Date "2019.05.04"]
[Round "6"]
[White "liujf"]
[Black "Electryon"]
[Result "1-0"]
[WhiteElo "1585"]
[BlackElo "1407"]
[Opening "Scandinavian (center counter) defense"]
[ECO "B01"]
[Time "15:04:14"]
[TimeControl "2700+45"]

1. e4 d5 2. exd5 Qxd5 3. Nc3 Qd8 4. d4 c6 5. Nf3 Bf5 6. Bd3 Bxd3 7. Qxd3 e6 8.
Bf4 Bb4 9. O-O Nf6 10. a3 Be7 11. Rfe1 O-O 12. Rad1 Nbd7 13. Rd2 Nd5 14. Nxd5
cxd5 15. Rde2 Nf6 16. c3 a6 17. Rc1 b5 18. Nd2 Rc8 19. Qh3 b4 20. axb4 Bxb4 21.
Ra1 Bd6 22. Be5 Ra8 23. Nf3 a5 24. Qg3 a4 25. Bxd6 Ne4 26. Rxe4 dxe4 27. Bxf8
exf3 28. Qxg7# {Black checkmated} 1-0

[Event "Team 45 45 League T80"]
[Site "Internet Chess Club"]
[Date "2019.05.06"]
[Round "6"]
[White "joaoazm"]
[Black "kidviper"]
[Result "1/2-1/2"]
[WhiteElo "1720"]
[BlackElo "1839"]
[Opening "QGD: Orthodox defense, Rubinstein variation"]
[ECO "D61"]
[Time "18:31:31"]
[TimeControl "2700+45"]

1. d4 Nf6 2. Nf3 d5 3. c4 e6 4. Nc3 Be7 5. Bg5 O-O 6. e3 Nbd7 7. Qc2 h6 8. Bh4
c6 9. Bd3 dxc4 10. Bxc4 Nd5 11. Bxe7 Qxe7 12. O-O Nxc3 13. Qxc3 Re8 14. Rfc1 e5
15. dxe5 Nxe5 16. Nxe5 Qxe5 17. Qb3 Qc7 18. Rd1 Be6 19. Bxe6 Rxe6 20. Rd2 Ree8
21. Qa4 a6 22. Rad1 Rad8 23. g3 Rxd2 24. Rxd2 Rd8 25. Rxd8+ Qxd8 26. Kg2 Qd5+
27. e4 Qe6 28. a3 c5 29. f4 b5 30. Qc2 c4 31. Kf3 Qd7 32. e5 Qd5+ 33. Ke3 Qc5+
34. Ke4 Qc6+ 35. Kd4 Qb6+ 36. Kd5 Qb7+ 37. Kd4 Qb6+ {Game drawn by mutual
agreement} 1/2-1/2

[Event "Team 45 45 League T80"]
[Site "Internet Chess Club"]
[Date "2019.05.06"]
[Round "6"]
[White "KidRattler"]
[Black "WillC"]
[Result "1-0"]
[WhiteElo "1616"]
[BlackElo "1643"]
[Opening "French: exchange variation"]
[ECO "C01"]
[Time "18:35:24"]
[TimeControl "2700+45"]

1. e4 e6 2. d4 d5 3. exd5 exd5 4. Nf3 Nf6 5. Be3 Bd6 6. Bd3 O-O 7. Nbd2 Bg4 8.
h3 Bh5 9. c4 dxc4 10. Bxc4 Nc6 11. O-O Qd7 12. Re1 Rad8 13. Bb5 a6 14. Bxc6 Qxc6
15. Bg5 Qd5 16. Bxf6 gxf6 17. Ne4 Be7 18. Nc3 Qd7 19. Qd3 Bg6 20. Qc4 c6 21.
Rad1 Kh8 22. Re3 Rg8 23. Rde1 Bd6 24. Kh1 Rg7 25. Qe2 Rgg8 26. Nh4 b5 27. Nxg6+
fxg6 28. Re6 b4 29. Nb1 Bf8 30. Rxf6 Bg7 31. Re6 Bxd4 32. Rd1 c5 33. Qxa6 Ra8
34. Qc4 Qf7 35. Rd2 Bxf2 36. Rdd6 Bd4 37. Nd2 Qf2 38. Nf3 Bxb2 39. Re2 Qf1+ 40.
Kh2 Bc3 41. Rde6 Rad8 42. Ng5 Rgf8 43. Nxh7 Rd4 44. Qxc5 Qf4+ 45. g3 Qf5 46.
Qxf8+ Qxf8 47. Nxf8 {Black resigns} 1-0

[Event "Team 45 45 League T80"]
[Site "Internet Chess Club"]
[Date "2019.05.05"]
[Round "6"]
[White "CMAlge"]
[Black "BJJ"]
[Result "0-1"]
[WhiteElo "1332"]
[BlackElo "1422"]
[Opening "Two knights defense"]
[ECO "C58"]
[Time "18:07:38"]
[TimeControl "2700+45"]

1. e4 e5 2. Nf3 Nc6 3. Bc4 Nf6 4. Ng5 d5 5. exd5 Na5 6. Bb5+ c6 7. dxc6 bxc6 8.
Bd3 Nd5 9. Ne4 f5 10. Nec3 Bd6 11. Nxd5 cxd5 12. Bb5+ Bd7 13. Bxd7+ Qxd7 14. d4
e4 15. Nc3 Bc7 16. Bd2 O-O 17. Qh5 Nc4 18. Bc1 Rab8 19. b3 Ba5 20. Qh3 Nd6 21.
O-O Qc6 22. Bd2 Rbc8 23. Nxd5 Qxd5 24. c4 Qxd4 25. Bxa5 Qc5 26. Bc3 Rce8 27. Qg3
g6 28. h4 e3 29. Qf4 Ne4 30. b4 Nxc3 31. bxc5 Ne2+ 32. Kh2 Nxf4 33. fxe3 Nd3 34.
c6 Rc8 35. Rad1 Ne5 36. Kg3 Nxc4 37. Kf4 Rfe8 38. Rd7 Nxe3 39. Kg5 Nxf1 40. Kh6
Red8 41. Rg7+ Kf8 42. Rxh7 Rxc6 43. Rh8+ Ke7 44. Rh7+ Kf6 {White resigns} 0-1

[Event "Team 45 45 League T80"]
[Site "Internet Chess Club"]
[Date "2019.05.06"]
[Round "6"]
[White "KidBoa"]
[Black "Conjurer"]
[Result "1-0"]
[WhiteElo "1295"]
[BlackElo "1172"]
[Opening "Petrov three knights game"]
[ECO "C26"]
[Time "16:09:39"]
[TimeControl "2700+45"]

1. e4 Nf6 2. Nc3 e5 3. Nf3 d6 4. d4 c6 5. dxe5 dxe5 6. Qxd8+ Kxd8 7. Nxe5 Be6 8.
Bg5 Be7 9. O-O-O+ Kc7 10. Bf4 Bd6 11. Rxd6 Kxd6 12. Nxf7+ Ke7 13. Nxh8 Nbd7 14.
Ng6+ hxg6 15. Bd3 Nc5 16. Bg5 Kf7 17. Rd1 Ng4 18. h3 Nxf2 19. Rf1 {Black
resigns} 1-0

[Event "Team 45 45 League T80"]
[Site "Internet Chess Club"]
[Date "2019.05.01"]
[Round "6"]
[White "rubo"]
[Black "isolani"]
[Result "1-0"]
[WhiteElo "1560"]
[BlackElo "1376"]
[Opening "Queen's pawn: London system"]
[ECO "A45"]
[Time "19:02:16"]
[TimeControl "2700+45"]

1. d4 Nf6 2. Bf4 d6 3. e3 Bf5 4. c4 Nbd7 5. Nf3 h6 6. Nc3 g5 7. Bg3 Bg7 8. h3 c5
9. Bd3 cxd4 10. exd4 Bxd3 11. Qxd3 Qa5 12. O-O O-O 13. Rfe1 Rfe8 14. Re2 Nh5 15.
Bh2 e5 16. dxe5 Nxe5 17. Nxe5 dxe5 18. Rae1 Nf4 19. Bxf4 gxf4 20. b3 Rad8 21.
Nd5 Re6 22. Qf5 Rxd5 23. cxd5 Qxd5 24. Qe4 Qd7 25. Qf5 Qd6 26. Qc2 Rg6 27. Rd2
Qe6 28. Qd3 Bf8 29. Qd7 Qb6 30. Rd3 Qf6 31. Qxb7 Bc5 32. Qc8+ Bf8 33. Rd8 Qg7
34. Qa8 h5 35. Rc1 h4 36. Rxf8+ {Black resigns} 1-0

[Event "Team 45 45 League T80"]
[Site "Internet Chess Club"]
[Date "2019.05.04"]
[Round "6"]
[White "rgadoury"]
[Black "Toalla"]
[Result "1/2-1/2"]
[WhiteElo "1310"]
[BlackElo "1277"]
[Opening "Alekhine's defense: Scandinavian variation"]
[ECO "B02"]
[Time "14:13:29"]
[TimeControl "2700+45"]

1. e4 Nf6 2. Nc3 d5 3. e5 Nfd7 4. d4 c5 5. Nf3 e6 6. Bb5 a6 7. Bxd7+ Bxd7 8. O-O
Nc6 9. b3 cxd4 10. Nxd4 Qb6 11. Nxc6 Qxc6 12. Ne2 Bc5 13. Bd2 O-O 14. b4 Ba7 15.
a4 b6 16. Nd4 Qb7 17. Be3 b5 18. a5 Rac8 19. Qd3 Bxd4 20. Bxd4 Rc4 21. Ra3 Rfc8
22. c3 Bc6 23. f4 Kh8 24. g4 Rg8 25. h4 g6 26. Kh2 h6 27. Rg1 Qe7 28. Kh3 Bd7
29. Rg3 Rcc8 30. g5 h5 31. Ra1 Rc4 32. Bc5 Qe8 33. Bd4 Rg7 34. Kg2 Bc8 35. Rf1
Bd7 36. Rf2 Rc8 37. Kh2 Qg8 38. Bc5 Qe8 39. Qd4 Rc7 40. Kh1 Bc8 41. Rh2 {Game
drawn by mutual agreement} 1/2-1/2

[Event "Team 45 45 League T80"]
[Site "Internet Chess Club"]
[Date "2019.05.04"]
[Round "6"]
[White "olivermx"]
[Black "SeniorCitizen"]
[Result "1-0"]
[WhiteElo "1280"]
[BlackElo "1315"]
[Opening "French: exchange variation"]
[ECO "C01"]
[Time "12:37:49"]
[TimeControl "2700+45"]

1. e4 e6 2. d4 d5 3. exd5 exd5 4. Nf3 Bf5 5. Nc3 Nf6 6. Bf4 a6 7. Ne2 Be7 8. Ng3
Bg6 9. Ne5 O-O 10. Nxg6 fxg6 11. Bd3 Nh5 12. Be5 Bd6 13. Nxh5 Bxe5 14. dxe5 Qg5
15. Ng3 Qxe5+ 16. Ne2 Nc6 17. O-O Rae8 18. c3 Ne7 19. Qd2 Nf5 20. Rae1 Qd6 21.
Bxf5 Rxf5 22. Nd4 Rfe5 23. Rxe5 Rxe5 24. Re1 Qe7 25. Rxe5 Qxe5 26. Qe2 Qxe2 27.
Nxe2 Kf7 28. g4 Ke6 29. f4 h5 30. h3 h4 31. Kg2 c5 32. Kf3 g5 33. f5+ Ke5 34.
Nc1 c4 35. Ne2 b5 36. Nd4 Kf6 37. Ke3 Ke5 38. Nc6+ Kd6 39. Nb4 a5 40. Na6 Ke5
41. Nc5 Kd6 42. Kd4 b4 43. Ne6 {Black resigns} 1-0

[Event "Team 45 45 League T80"]
[Site "Internet Chess Club"]
[Date "2019.05.01"]
[Round "6"]
[White "bardu"]
[Black "kabubi"]
[Result "1-0"]
[WhiteElo "1286"]
[BlackElo "1154"]
[Opening "King's Indian, 3.Nf3"]
[ECO "E60"]
[Time "20:33:15"]
[TimeControl "2700+45"]

1. d4 Nf6 2. c4 g6 3. Nf3 d6 4. Nc3 Nbd7 5. e4 e5 6. Be2 Be7 7. O-O O-O 8. Re1
c6 9. Bf1 Re8 10. d5 Bf8 11. Rb1 a5 12. a3 Nc5 13. b4 Ncd7 14. Bg5 Qc7 15. c5
Be7 16. cxd6 Qxd6 17. dxc6 Qxd1 18. Rexd1 bxc6 19. Bc4 axb4 20. axb4 Nb6 21.
Nxe5 Nxe4 22. Bxf7+ Kf8 23. Bh6# {Black checkmated} 1-0

[Event "Team 45 45 League T80"]
[Site "Internet Chess Club"]
[Date "2019.05.04"]
[Round "6"]
[White "howah45"]
[Black "tasawyer81"]
[Result "1-0"]
[WhiteElo "1158"]
[BlackElo "1196"]
[Opening "Pirc defense"]
[ECO "B07"]
[Time "09:01:44"]
[TimeControl "2700+45"]

1. e4 d6 2. d4 Nf6 3. Nc3 Nbd7 4. Bc4 e5 5. Nf3 Be7 6. dxe5 dxe5 7. Be3 c6 8.
O-O Qc7 9. Ng5 O-O 10. Qe2 h6 11. Nf3 b5 12. Bb3 a5 13. a3 Ba6 14. Nb1 b4 15.
Bc4 Bxc4 16. Qxc4 Rab8 17. Nbd2 c5 18. Nb3 Nb6 19. Qe2 Nxe4 20. Bxh6 gxh6 21.
Qxe4 Bf6 22. Qg4+ Bg7 23. Nh4 Nd5 24. Nf5 f6 25. Nxh6+ Kh7 26. Nf5 Qf7 27. Qh4+
Kg8 28. Qg4 Nf4 29. Nh6+ {Black resigns} 1-0

[Event "Team 45 45 League T80"]
[Site "Internet Chess Club"]
[Date "2019.05.05"]
[Round "6"]
[White "ticktockman"]
[Black "Dwilkes"]
[Result "1/2-1/2"]
[WhiteElo "1118"]
[BlackElo "1015"]
[Opening "Polish (Sokolsky) opening"]
[ECO "A00"]
[Time "19:01:38"]
[TimeControl "2700+45"]

1. b4 Nf6 2. Bb2 d5 3. Bxf6 gxf6 4. d4 e6 5. a3 Bg7 6. e3 a6 7. Nf3 Nc6 8. g3
Bd7 9. Bg2 Qe7 10. O-O a5 11. bxa5 Nxa5 12. Nbd2 Bb5 13. Re1 Nc4 14. Nxc4 Bxc4
15. Qc1 c5 16. c3 b5 17. Bf1 Bxf1 18. Rxf1 c4 19. Qc2 O-O 20. a4 bxa4 21. Rxa4
Rxa4 22. Qxa4 Qb7 23. Qc2 Rb8 24. Ra1 Qb3 25. Rc1 Bf8 26. Nd2 Qxc2 27. Rxc2 Ba3
28. Ra2 Bf8 29. Kg2 e5 30. Ra6 exd4 31. exd4 Bh6 32. Nf3 Kg7 33. Rd6 Rb5 34. Nh4
Bc1 35. Nf5+ Kg6 36. Ne7+ Kg7 37. Nf5+ Kg6 38. Ne7+ Kg7 39. Nf5+ Kg6 40. Ne7+
Kg7 41. Nf5+ Kg6 {Game drawn by repetition} 1/2-1/2